 Dungeon Crawl Stone Soup version 0.19-a0-1251-gd6e46da (webtiles) character file.

93 PurpleRed the Conjurer (level 4, 0/24 HPs)
             Began as a Deep Elf Conjurer on Aug 27, 2016.
             Slain by a river rat (3 damage)
             ... in a sewer.
             The game lasted 00:05:59 (805 turns).

PurpleRed the Conjurer (Deep Elf Conjurer)           Turns: 805, Time: 00:05:59

Health: 0/24       AC:  4    Str:  5    XL:     4   Next: 36%
Magic:  0/12       EV: 13    Int: 21    God:
Gold:   73         SH:  0    Dex: 15    Spells: 2 memorised, 8 levels left

rFire  . . .     SeeInvis .     n - +1 dagger (elec)
rCold  . . .     Gourm    .     a - +0 robe
rNeg   . . .     Faith    .     (no shield)
rPois  .         Spirit   .     i - +0 helmet
rElec  .         Dismiss  .     q - +0 cloak
rCorr  .         Reflect  .     (no gloves)
MR     .....     Harm     .     (no boots)
Stlth  ++........               r - amulet of rage (curse)
                                (no ring)
                                (no ring)

@: no status effects
A: no striking features
a: Evoke Berserk Rage


You were in a sewer.
You were not hungry.

You visited 1 branch of the dungeon, and saw 3 of its levels.
You also visited: Sewer.

You collected 73 gold pieces.

Inventory:

Hand Weapons
 n - a +1 dagger of electrocution (weapon)
Armour
 a - a +0 robe (worn)
 i - a +0 helmet (worn)
 q - a +0 cloak (worn)
Jewellery
 r - a cursed amulet of rage (around neck)
Scrolls
 d - 2 scrolls of noise {unknown}
 g - a scroll of identify {unknown}
Potions
 e - a potion of ambrosia {unknown}
 h - a potion of agility {unknown}
 j - a potion of lignification {unknown}
 k - a potion of brilliance {unknown}
 l - a potion of flight {unknown}
 m - a potion of resistance {unknown}
 o - a potion of degeneration {unknown}
Books
 b - a book of Conjurations

   Spells                             Type                      Level
   a - Magic Dart                     Conjuration                  1
   b - Searing Ray                    Conjuration                  2
   c - Dazzling Spray                 Conjuration/Hexes            3
   d - Fulminant Prism                Conjuration/Hexes            4
   e - Iskenderun's Mystic Blast      Conjuration                  4
   f - Iskenderun's Battlesphere      Conjuration/Charms           5
Comestibles
 c - a bread ration
 f - 2 meat rations
 p - a fruit


   Skills:
 - Level 2.4 Dodging
 - Level 2.4 Stealth
 + Level 4.4 Spellcasting
 * Level 5.8 Conjurations


You had 8 spell levels left.
You knew the following spells:

 Your Spells              Type           Power        Failure   Level  Hunger
a - Magic Dart            Conj           ####         1%          1    None
b - Searing Ray           Conj           ####..       1%          2    #......


Dungeon Overview and Level Annotations

Branches:
Dungeon (3/15)

Altars:


Message History

Press: ? - help, Shift-Dir - straight line, f/p - river rat
Aim: a river rat (heavily wounded)
The magic dart hits the river rat.
The river rat is heavily wounded.
Casting: Magic Dart
Confirm with . or Enter, or press ? or * to list all spells.
Aiming: Magic Dart
Press: ? - help, Shift-Dir - straight line, f/p - river rat
Aim: a river rat (heavily wounded)
The magic dart hits the river rat.
The river rat is heavily wounded.
Casting: Magic Dart
Confirm with . or Enter, or press ? or * to list all spells.
Aiming: Magic Dart
Press: ? - help, Shift-Dir - straight line, f/p - river rat
Aim: a river rat (heavily wounded)
The magic dart hits the river rat.
The river rat is severely wounded.
The river rat bites you.
You die... ##################### #....∩.∩.†.†r@≈≈≈≈≈≈≈ #####################

You could see a river rat.

Vanquished Creatures
  Robin (D:2)
  A gnoll (D:1)
  An adder (D:2)
  An ooze (D:3)
  A dart slug (D:1)
  4 giant geckos
  4 giant cockroaches
  14 goblins
  4 hobgoblins
  4 jackals (D:1)
  4 kobolds
  4 bats
  2 giant newts (D:2)
  4 rats
49 creatures vanquished.

Notes
Turn   | Place    | Note
-------+----------+-------------------------------------------
     0 | D:1      | PurpleRed the Deep Elf Conjurer began the quest for the Orb.
     0 | D:1      | Reached XP level 1. HP: 10/10 MP: 6/6
   167 | D:1      | Reached XP level 2. HP: 3/15 MP: 0/8
   171 | D:1      | Learned a level 2 spell: Searing Ray
   312 | D:1      | Reached skill level 5 in Conjurations
   377 | D:1      | Reached XP level 3. HP: 15/19 MP: 2/10
   495 | D:2      | Noticed Robin
   615 | D:2      | Killed Robin
   615 | D:2      | Reached XP level 4. HP: 6/24 MP: 2/12
   739 | D:3      | Found a glowing drain.
   770 | D:3      | HP: 1/24 [giant cockroach (2)]
   790 | Sewer    | Entered a sewer
   805 | Sewer    | Slain by a river rat

Vault maps used:
D:1:      noname_arrival_rooms_in_the_neighbourhood, minmay_crystal_room
D:2:      minmay_hexomino_u4, uniq_robin, uniq_crazy_yiuf_cottage
D:3:      grunt_dithmenos_smoke_and_mirrors, ecumenical_altar_2,
          portal_sewer_entry_f, fedhas_altar_4
Sewer:    sewer_kobolds

Skill      XL: |  1  2  3 |
---------------+----------+-----
Conjurations   | 5 |  5.8
Spellcasting   | 4 |  4.4
Dodging        | |  2.4
Stealth        | |  2.4

Action                   |  1- 3 |  4- 6 || total
-------------------------+-------+-------++-------
Melee: Dagger            |    26 |    26 ||    52
 Cast: Magic Dart        |    52 |    25 ||    77
       Searing Ray       |     2 |       ||     2
 Stab: Sleeping          |     1 |       ||     1
Armor: Robe              |     9 |    15 ||    24
Dodge: Dodged            |    51 |    34 ||    85
